 Dungeon Crawl Stone Soup version 0.29.0-7-g18a832c13a (webtiles) character file.

Game seed: 8741302715672668755

91 mtoz the Trooper (level 4, -21/41 HPs)
             Began as a Minotaur Berserker on Aug 30, 2022.
             Was a Follower of Trog.
             Killed from afar by a smoke demon (22 damage)
             ... with a ball of steam
             ... on level 1 of the Abyss.
             The game lasted 00:08:28 (2366 turns).

mtoz the Trooper (Minotaur Berserker)               Turns: 2366, Time: 00:08:29

Health: -21/41     AC:  7    Str: 31    XL:     4   Next: 33%
Magic:  3/3        EV: 11    Int:  2    God:    Trog [*.....]
Gold:   134        SH:  0    Dex:  8    Spells: 3/3 levels left

rFire   . . .      SeeInvis .   a - +0 hand axe
rCold   . . .      Faith    .   (no shield)
rNeg    . . .      Spirit   .   g - +1 scale mail
rPois   .          Reflect  .   (helmet restricted)
rElec   .          Harm     .   (no cloak)
rCorr   +          Rampage  .   (no gloves)
Will    .....                   (no boots)
Stlth   ..........              (no amulet)
HPRegen 0.13/turn               k - ring of resist corrosion
MPRegen 0.08/turn               (no ring)

@: unable to read, very slow
A: horns 2, retaliatory headbutt, talons 1, strong 2, inability to read after
injury 1
a: Renounce Religion, Berserk


You were on level 1 of the Abyss.
You worshipped Trog.
Trog was aware of your devotion.
You visited 1 branch of the dungeon, and saw 3 of its levels.
You visited the Abyss 1 time.

You collected 134 gold pieces.

Inventory:

Hand Weapons
 a - a +0 hand axe (weapon)
 d - a +0 quarterstaff
 e - a +0 spear
Armour
 b - a +0 animal skin
 g - a +1 scale mail (worn)
 h - a +0 leather armour
Jewellery
 k - a ring of resist corrosion (left hand)
Potions
 j - a potion of curing


   Skills:
 + Level 4.4 Fighting
 + Level 4.4 Axes
 + Level 3.5 Armour
 + Level 3.1 Dodging


You had 3 spell levels left.
You didn't know any spells.
Your spell library was empty.

Dungeon Overview and Level Annotations

Branches:
Dungeon (3/15)

Altars:


Innate Abilities, Weirdness & Mutations

You have a pair of horns on your head.
You reflexively headbutt those who attack you in melee.
You have sharp toenails.
Your muscles are very strong. (Str +8, Int/Dex -2)
You occasionally lose the ability to read scrolls when taking damage.


Message History

You feel invigorated.
The ufetubus is engulfed in poison gas.
The ufetubus is poisoned.
The ufetubus hits you but does no damage.
The ufetubus hits you.
The ynoxinul hits you but does no damage.
It was a potion of mutation.
You feel extremely strange.
Your toenails lengthen and sharpen.
You occasionally lose the ability to read scrolls when taking damage.
You feel stronger. x2
You are suddenly pulled into a different region of the Abyss!
The ufetubus disappears in a puff of smoke!
You're too confused to move!
k - a ring of resist corrosion (left hand)
You bump into the rock wall.
You feel less invigorated.
You feel less confused. Why would you want to do that?
Okay, then.
Okay, then.
Why would you want to do that?
As you read the scroll of teleportation, it crumbles to dust.
You feel strangely unstable.
You feel the power of the Abyss delaying your translocation!
Why would you want to do that?
You are suddenly pulled into a different region of the Abyss!
The smoke demon roars!
You feel a little less mighty now.
Okay, then.
The smoke demon gestures at you.
The ball of steam hits the lurking horror!
Your body is wracked with pain!
The ball of steam hits you!!
You feel threatened and lose the ability to read scrolls!
Ouch! That really hurt!
* * * LOW HITPOINT WARNING * * *
Unknown command.
You enter the shallow water.
Moving in this stuff is going to be slow.
The smoke demon gestures at you. The ball of steam hits you!!
Ouch! That really hurt!
You die...

## ## ##.... . #
#..#.# . ..#.
..... .##
##...##...###..
♣~≈#.#..#......#
~~~~~≈~~~~~.#.#.
#.~~≈@~~~~~~~~
#...#..§..~~~~~
#..#..##§..##.#
. #.###§§§## # #
#.§..## ..
#.#§.#.# ###
#..#§..3##§.. ##
#§#..#.§§
..#.###.##....


There were no monsters in sight!

Vanquished Creatures
  A gnoll (D:3)
  3 adders (D:2)
  A worm (D:2)
  2 dart slugs (D:2)
  8 endoplasms
  3 giant cockroaches
  5 goblins (D:1)
  5 hobgoblins
  3 quokkas
  3 ball pythons
  A bat (D:2)
  A kobold (D:1)
  8 rats
44 creatures vanquished.

Vanquished Creatures (others)
  A lurking horror (Abyss:1)
  7 plants (D:1)
8 creatures vanquished.

Grand Total: 52 creatures vanquished

Notes
Turn   | Place    | Note
-------+----------+-------------------------------------------
     0 | D:1      | mtoz the Minotaur Berserker began the quest for the Orb.
     0 | D:1      | Reached XP level 1. HP: 19/19 MP: 0/0
   695 | D:1      | Reached XP level 2. HP: 17/27 MP: 1/1
  1130 | D:1      | Found a faded altar of an unknown god.
  1551 | D:2      | Reached XP level 3. HP: 33/33 MP: 2/2
  1783 | D:2      | Reached XP level 4. HP: 33/40 MP: 3/3
  2246 | Abyss:1  | Cast into level 1 of the Abyss (gnoll)
  2269 | Abyss:1  | Noticed a glowing orange brain
  2303 | Abyss:1  | Noticed a ynoxinul
  2313 | Abyss:1  | Gained mutation: You have sharp toenails. [potion of
                  | mutation]
  2313 | Abyss:1  | Gained mutation: You occasionally lose the ability to read
                  | scrolls when taking damage. [potion of mutation]
  2313 | Abyss:1  | Gained mutation: Your muscles are strong. (Str +4, Int/Dex
                  | -1) [potion of mutation]
  2313 | Abyss:1  | Gained mutation: Your muscles are very strong. (Str +8,
                  | Int/Dex -2) [potion of mutation]
  2355 | Abyss:1  | Noticed a smoke demon
  2363 | Abyss:1  | HP: 1/41 [something/ball of steam (21)]
  2366 | Abyss:1  | Killed from afar by a smoke demon

Illustrated notes

Levels and vault maps discovered:
D:1:      saegor_arrival_simple_b, layout_loops_ring, basic_ecumenical_altar,
          serial_bayou_pond_c
D:2:      layout_basic
D:3:      layout_basic
Abyss:1:  base:
Temple

Skill      XL: |  1  2  3 |
---------------+----------+-----
Fighting       | 4 |  4.4
Axes           | 4 |  4.4
Armour         | 3 |  3.5
Dodging        | 3 |  3.1

Action                   |  1- 3 |  4- 6 || total
-------------------------+-------+-------++-------
Melee: Hand axe          |    80 |    24 ||   104
       Headbutt          |    10 |     3 ||    13
       Punch             |     2 |       ||     2
Invok: Berserk           |     1 |       ||     1
  Use: Scroll            |       |     5 ||     5
       Potion            |       |     4 ||     4
Armor: Animal skin       |     3 |       ||     3
       Scale mail        |    27 |    18 ||    45
Dodge: Dodged            |    38 |    21 ||    59
